 Dungeon Crawl Stone Soup version 0.28.0-45-g0d030f2227 (webtiles) character file.

Game seed: 10895901977861035994

594 McKennaii the Caller (level 6, 0/45 HPs)
             Began as a Demigod Summoner on Apr 18, 2022.
             Slain by a killer bee zombie (6 damage)
             ... on level 5 of the Dungeon.
             The game lasted 00:08:41 (6042 turns).

McKennaii the Caller (Demigod Summoner)             Turns: 6042, Time: 00:08:41

Health: 0/45       AC:  6    Str:  9    XL:     6   Next: 94%
Magic:  16/16      EV: 12    Int: 25    God:
Gold:   217        SH:  0    Dex: 14    Spells: 8/14 levels left

rFire   . . .      SeeInvis +   q - +1 trident (flame)
rCold   . . .      Faith    .   (no shield)
rNeg    . . .      Spirit   .   a - +0 robe
rPois   .          Reflect  .   k - +1 helmet
rElec   .          Harm     .   m - +1 cloak
rCorr   .          Rampage  .   (no gloves)
Will    .....                   (no boots)
Stlth   ++........              n - amulet of magic regeneration
HPRegen 0.15/turn               t - ring of see invisible
MPRegen 0.55/turn               r - ring of flight

@: flying
A: high MP 1, forlorn, divine attributes
a: no special abilities


You were on level 5 of the Dungeon.
You visited 1 branch of the dungeon, and saw 5 of its levels.

You collected 217 gold pieces.

Inventory:

Hand Weapons
 q - a +1 trident of flaming (weapon)
Armour
 a - a +0 robe (worn)
 k - a +1 helmet (worn)
 m - a +1 cloak (worn)
Magical Staves
 b - a staff of conjuration
Jewellery
 d - an amulet of guardian spirit
 e - an amulet of the acrobat
 n - an amulet of magic regeneration (around neck)
 r - a ring of flight (right hand)
 t - a ring of see invisible (left hand)
Scrolls
 c - a scroll of blinking {unknown}
 g - a scroll of enchant armour {unknown}
 i - 2 scrolls of amnesia {unknown}
 p - a scroll of identify {unknown}
Potions
 h - a potion of attraction
 l - a potion of mutation {unknown}
 o - a potion of brilliance {unknown}
 s - a potion of lignification {unknown}


   Skills:
 - Level 1.7 Dodging
 - Level 1.7 Stealth
 + Level 4.8 Spellcasting
 + Level 6.2 Summonings


You had 8 spell levels left.
You knew the following spells:

 Your Spells              Type           Power      Damage    Failure   Level
a - Summon Small Mammal   Summ           100%       N/A       1%          1
b - Call Imp              Summ           37%        N/A       1%          2
c - Call Canine Familiar  Summ           37%        N/A       1%          3

Your spell library contained the following spells:

 Spells                   Type           Power      Damage    Failure   Level
 Summon Guardian Golem    Hex/Summ       21%        N/A       7%          3
 Apportation              Tloc           12%        N/A       9%          1
 Summon Lightning Spire   Summ/Air       21%        N/A       24%         4
 Conjure Flame            Conj/Fire      6%         6-21      26%         3
 Ignite Poison            Fire/Tmut/Pois 6%         N/A       26%         3
 Inner Flame              Hex/Fire       6%         N/A       26%         3
 Cause Fear               Hex            3%         N/A       63%         4
 Sticky Flame             Conj/Fire      6%         2d3       63%         4
 Alistair's Intoxication  Tmut/Pois      4%         N/A       93%         5
 Discord                  Hex            3%         N/A       100%        8


Dungeon Overview and Level Annotations

Branches:
Dungeon (5/15)
 Temple: D:4-7

Shops:
D:4 [[


Innate Abilities, Weirdness & Mutations

You have an increased reservoir of magic. (+10% MP)
You shall have no god before yourself.
Your divine heritage dramatically boosts your attributes as you level up.


Message History

Orders for allies: a - Attack new target. r - Retreat! s - Stop attacking. g - Guard the area. f - Follow me.
Anything else - Cancel.
Gang up on whom?
Press: ? - help, Dir - move target, f - howler monkey
Aim: a howler monkey (catching its breath) Attack!
A killer bee zombie comes into view.
Casting: Call Imp (safe; 1% risk of failure)
Confirm with . or Enter, or press ? or * to list all spells.
A shadowy apparition takes form in the air.
Your shadow imp says, "Let's raise destruction!"
A white imp comes into view.
Unknown command.
Your wolf barely misses the howler monkey.
The howler monkey closely misses your wolf.
Your wolf misses the howler monkey.
The howler monkey barely misses your wolf.
Your wolf misses the howler monkey.
The howler monkey barely misses your wolf.
The killer bee zombie barely misses you.
Your wolf barely misses the howler monkey.
The killer bee zombie hits you but does no damage.
Your shadow imp closely misses the howler monkey.
The killer bee zombie hits you.
* * * LOW HITPOINT WARNING * * *
The white imp gestures at you. The puff of frost hits you.
* * * LOW HITPOINT WARNING * * *
Something barely misses your shadow imp.
The killer bee zombie barely misses you.
The white imp gestures at you. The puff of frost misses you.
The killer bee zombie barely misses you.
There is a stone staircase leading up here.
The killer bee zombie hits you but does no damage.
The howler monkey barely misses your shadow imp.
The killer bee zombie hits you.
You die...

##...#.............
####....hh........
.. #.$..5h.##.....
...#..............
...........5.#.(.)
...........### ..
..#.......#
+###...Z..#
#...@.## #....##
+...## #...# #...#
#.... #.#.# ....


You could see a howler monkey (ally target), a hound, a white imp, a killer bee
zombie, a friendly wolf (summoned) and a friendly shadow imp (summoned).

Vanquished Creatures
  A bullfrog zombie (D:5)
  A centaur zombie (D:3)
  A hound zombie (D:5)
  3 adders
  A dart slug (D:3)
  3 ball pythons
  2 endoplasms (D:3)
  A giant cockroach (D:3)
  A goblin (D:1)
  2 hobgoblins
  3 kobolds
  2 bats
  A jackal skeleton (D:4)
22 creatures vanquished.

Vanquished Creatures (collateral kills)
  A wyvern (D:4)
  A necrophage (D:4)
  A phantom (D:3)
  2 scorpions (D:5)
  An adder (D:2)
  2 worms
  2 dart slugs
  4 endoplasms
  2 giant cockroaches (D:2)
  2 goblins
  3 hobgoblins (D:1)
  3 jackals (D:1)
  2 quokkas (D:2)
  4 ball pythons
  A bat (D:2)
  2 frilled lizards
  3 kobolds
  3 rats
39 creatures vanquished.

Grand Total: 61 creatures vanquished

Notes
Turn   | Place    | Note
-------+----------+-------------------------------------------
     0 | D:1      | McKennaii the Demigod Summoner began the quest for the Orb.
     0 | D:1      | Reached XP level 1. HP: 14/14 MP: 5/5
  1171 | D:1      | Reached XP level 2. HP: 20/20 MP: 4/7
  1681 | D:1      | Reached skill level 4 in Summonings
  2010 | D:2      | Reached XP level 3. HP: 26/26 MP: 6/9
  2013 | D:2      | Learned a level 2 spell: Call Imp
  2017 | D:2      | Learned a level 3 spell: Call Canine Familiar
  3037 | D:2      | Identified the +2 ring mail of Entitlement {Will- Dex+5}
  3245 | D:3      | Noticed a phantom
  3327 | D:3      | Killed a phantom
  3328 | D:3      | Reached XP level 4. HP: 8/33 MP: 6/11
  4055 | D:3      | Reached skill level 5 in Summonings
  4055 | D:3      | Reached XP level 5. HP: 23/38 MP: 11/13
  4659 | D:4      | Noticed a necrophage
  4666 | D:4      | Killed a necrophage
  4705 | D:4      | Found Tokoyo's Dragon-Slaying Spoils.
  4827 | D:4      | Noticed a wyvern
  4844 | D:4      | Killed a wyvern
  4845 | D:4      | Reached XP level 6. HP: 17/45 MP: 12/15
  5456 | D:4      | Found Pouhai's Armour Boutique.
  5875 | D:5      | Entered Level 5 of the Dungeon
  5960 | D:5      | Reached skill level 6 in Summonings
  6042 | D:5      | Slain by a killer bee zombie

Illustrated notes

Levels and vault maps discovered:
D:1:      dpeg_arrival_round_a, layout_loops_ring,
          hellmonk_ecumenical_altar_heavens_door, minivault_23
D:2:      layout_loops_corners
D:3:      layout_loops_cross
D:4:      layout_basic, serial_shops, nicolae_inconvenience_store,
          nicolae_shop_dragon_depot, lemuel_another_geyser
D:5:      layout_rooms, grunt_temple_overflow_open,
          minmay_temple_entry_glassed_door, biasface_ghost_orc_armoury

Skill      XL: |  1  2  3  4  5  6 |
---------------+-------------------+-----
Spellcasting   | 2 3 4 |  4.8
Summonings     | 4 5 6 |  6.2
Dodging        | |  1.7
Stealth        | |  1.7

Action                   |  1- 3 |  4- 6 || total
-------------------------+-------+-------++-------
Melee: Staff             |    79 |    12 ||    91
       Punch             |     1 |     2 ||     3
       Trident           |       |    67 ||    67
 Cast: Summon Small Mamm |    71 |    21 ||    92
       Call Imp          |     5 |    10 ||    15
       Call Canine Famil |       |     4 ||     4
  Use: Potion            |       |     5 ||     5
 Stab: Sleeping          |     2 |     2 ||     4
       Distracted        |       |     1 ||     1
Armor: Robe              |    16 |    28 ||    44
Dodge: Dodged            |    68 |    71 ||   139
